 Dungeon Crawl Stone Soup version 0.16-b1 (webtiles) character file.

165 dysrexia the Insei (level 5, 0/32 HPs)
             Began as a Tengu Monk on Mar 14, 2015.
             Succumbed to a scorpion's poison
             ... on level 4 of the Dungeon.
             The game lasted 00:10:24 (2767 turns).

dysrexia the Insei (Tengu Monk)                     Turns: 2767, Time: 00:10:24

Health: 0/32       AC:  7    Str: 12    XL:     5   Next: 46%
Magic:  7/7        EV: 10    Int: 10    God:
Gold:   58         SH:  0    Dex: 17    Spells: 0 memorised, 4 levels left

rFire  . . .     SeeInvis .       - Unarmed
rCold  . . .     Clarity  .     k - +0 scale mail
rNeg   . . .     SustAb   .     (no shield)
rPois  .         Gourm    .     (helmet restricted)
rElec  .         Spirit   .     (no cloak)
rCorr  .         Warding  .     m - +0 pair of gloves
rMut   .         Stasis   .     (boots unavailable)
MR     .....                    (no amulet)
Stlth  +.........               (no ring)
                                (no ring)

@: lethally poisoned (0 -> -1), not resistant to hostile enchantments, very
unstealthy
A: able to fly, beak, talons 3
a: Fly


You were on level 4 of the Dungeon.
You were not hungry.

You visited 1 branch of the dungeon, and saw 4 of its levels.

You collected 58 gold pieces.

Inventory:

Missiles
 d - 32 poisoned needles
 l - 45 stones (quivered)
Armour
 k - a +0 scale mail (worn)
 m - a +0 pair of gloves (worn)
Scrolls
 g - a scroll of enchant weapon
 n - 2 scrolls of identify
Potions
 i - a potion of cure mutation
Books
 e - a book of Dreams

   Spells                             Type                      Level
   a - Ensorcelled Hibernation        Hexes/Ice                    2
   b - Flight                         Charms/Air                   3
   c - Phase Shift                    Translocation                5
   d - Shadow Creatures               Summoning                    5
   e - Mass Confusion                 Hexes                        6
   f - Darkness                       Hexes                        7
 h - a book of Hinderance

   Spells                             Type                      Level
   a - Confusing Touch                Hexes                        2
   b - Confuse                        Hexes                        3
   c - Petrify                        Transmutation/Earth          4
   d - Metabolic Englaciation         Hexes/Ice                    5
   e - Gell's Gravitas                Hexes/Translocation          5
   f - Summon Mana Viper              Hexes/Summoning              5
Comestibles
 b - 3 bread rations
 c - a meat ration
 f - 2 beef jerkies


   Skills:
 - Level 3.0 Fighting
 - Level 3.2 Dodging
 - Level 2.0 Stealth
 + Level 7.2 Unarmed Combat


You had 4 spell levels left.
You didn't know any spells.

Dungeon Overview and Level Annotations

Branches:
Dungeon (4/15)
 Temple: D:4-7

Altars:
Ashenzari
Fedhas
The Shining One

Annotations:
D:3 Sigmund


Innate Abilities, Weirdness & Mutations

You can fly.
You have a beak for a mouth.
You have claws for feet.


Message History

You feel sick.
A scorpion and an orc come into view.
* * * LOW HITPOINT WARNING * * *
You feel sick.
The orc shouts!
Drink which item? (? for menu, Esc to quit)
Okay, then.
Read which item? (? for menu, Esc to quit)
As you read the scroll labeled KIFIRI WADIOD, it crumbles to dust.
It is a scroll of recharging.
You aren't carrying any rechargeable items.
You aren't carrying any items that can be evoked.
You aren't carrying any pieces of jewellery.
Wear which item? (? for menu, Esc to quit)
Okay, then.
Read which item? (? for menu, Esc to quit)
You don't have any unidentified items.
* * * LOW HITPOINT WARNING * * *
You feel sick.
You die...

............###.#
....s...o......#
......###.#.#.##
### #s#.# #.#.#
#.#.# #.#.# #...#
###@# ###.# #.#.#
.#.)# #.#.# #.#.#
#.#.# #.#.# #.#.#


There were no monsters in sight!

Vanquished Creatures
  An orc priest (D:3)
  A worker ant (D:4)
  3 gnolls (D:4)
  An adder (D:4)
  2 worms (D:2)
  A giant gecko (D:4)
  An ooze (D:3)
  3 orcs (D:3)
  4 bats
  9 hobgoblins
  8 jackals
  6 kobolds
  2 quokkas (D:2)
  2 giant newts
  4 goblins
  10 rats
58 creatures vanquished.

Notes
Turn   | Place    | Note
--------------------------------------------------------------
     0 | D:1      | dysrexia, the Tengu Monk, began the quest for the Orb.
     0 | D:1      | Reached XP level 1. HP: 14/14 MP: 1/1
   136 | D:1      | Reached XP level 2. HP: 19/19 MP: 3/3
   245 | D:1      | Reached skill level 5 in Unarmed Combat
   710 | D:2      | Reached XP level 3. HP: 18/23 MP: 4/4
  1088 | D:2      | Found a blossoming altar of Fedhas.
  1154 | D:2      | Found a shattered altar of Ashenzari.
  1247 | D:3      | Reached skill level 6 in Unarmed Combat
  1247 | D:3      | Reached XP level 4. HP: 10/28 MP: 5/5
  1636 | D:3      | Found a glowing golden altar of the Shining One.
  1810 | D:3      | Noticed Sigmund
  2025 | D:4      | Reached XP level 5. HP: 18/32 MP: 7/7
  2222 | D:4      | Reached skill level 7 in Unarmed Combat
  2763 | D:4      | HP: 1/32 [poisoned by a scorpion]
  2767 | D:4      | Succumbed to a scorpion's poison

Action                   |  1- 3 |  4- 6 || total
-------------------------+-------+-------++-------
Melee: Unarmed           |   111 |    87 ||   198
  Use: Scroll            |     7 |     3 ||    10
       Potion            |     1 |       ||     1
 Stab: Sleeping          |     3 |       ||     3
  Eat: Chunk             |     1 |     3 ||     4
       Pizza             |       |     1 ||     1
